 Dungeon Crawl Stone Soup version 0.24.0-125-gc4c63601f3 (webtiles) character file.

Game seed: 15411649745734089526, levelgen mode: deterministic

142 BuffBuff the Ruffian (level 5, 0/28 HPs)
             Began as a Vine Stalker Fighter on Mar 13, 2020.
             Succumbed to a goblin's poison
             ... on level 3 of the Dungeon.
             The game lasted 00:06:49 (1703 turns).

BuffBuff the Ruffian (Vine Stalker Fighter)         Turns: 1703, Time: 00:06:49

Health: 0/28       AC:  7    Str: 24    XL:     5   Next: 25%
Magic:  5/6        EV:  7    Int:  8    God:
Gold:   103        SH: 10    Dex: 14    Spells: 4/4 levels left

rFire    . . .     SeeInvis .     - Unarmed
rCold    . . .     Gourm    .   t - +0 shield
rNeg     . . .     Faith    .   a - +0 scale mail
rPois    .         Spirit   +   (no helmet)
rElec    .         Reflect  .   (no cloak)
rCorr    .         Harm     .   s - +0 pair of gloves
MR       .....                  (no boots)
Stlth    ..........             (no amulet)
HPRegen  0.49/turn              (no ring)
MPRegen  0.10/turn              (no ring)

@: mighty, lethally poisoned (0 -> -11)
A: fangs 2, regeneration 1, magic shield, antimagic bite, no potion heal 3, rot
immunity
a: no special abilities


You were on level 3 of the Dungeon.
You were not hungry.

You visited 1 branch of the dungeon, and saw 3 of its levels.

You collected 103 gold pieces.

Inventory:

Armour
 a - a +0 scale mail (worn)
 s - a +0 pair of gloves (worn)
 t - a +0 shield (worn)
Scrolls
 g - a scroll of enchant weapon {unknown}
 i - 6 scrolls of identify {unknown}
 j - 2 scrolls of remove curse {unknown}
 k - a scroll of amnesia {unknown}
 m - 2 scrolls of fog {unknown}
 o - a scroll of random uselessness {unknown}
 q - a scroll of enchant armour {unknown}
Potions
 e - 2 potions of lignification {unknown}
 f - 2 potions of flight {unknown}
 h - a potion of brilliance {unknown}
 l - a potion of magic {unknown}
 n - 3 potions of curing {unknown}
 p - a potion of degeneration {unknown}
 r - a potion of berserk rage {unknown}
Comestibles
 d - 6 rations


   Skills:
 + Level 3.3 Fighting
 + Level 3.0 Armour
 + Level 3.3 Shields
 * Level 3.6 Unarmed Combat


You had 4 spell levels left.
You didn't know any spells.
Your spell library was empty.

Dungeon Overview and Level Annotations

Branches:
Dungeon (3/15)

Altars:
Cheibriados
Qazlal
Ru
Uskayaw


Innate Abilities, Weirdness & Mutations

You have extremely sharp teeth.
Your natural rate of healing is unusually fast.
When hurt, damage is shared between your health and your magic reserves.
Your bite disrupts and absorbs the magic of your enemies.
Potions cannot restore your health.
You are immune to rotting.


Message History

a +1 dagger of venom; a +0 mace; a goblin corpse x2
You feel very mighty all of a sudden.
* * * LOW HITPOINT WARNING * * *
You feel very sick.
The goblin no longer looks unusually strong. x2
Robin roars a battlecry!
The goblins go into a battle-frenzy!
You block the goblin's attack.
* * * LOW HITPOINT WARNING * * *
You feel sick.
* * * LOW HITPOINT WARNING * * *
You feel sick.
Items here: ))) †††† You punch Robin!
You kill Robin!
* * * LOW HITPOINT WARNING * * *
You feel sick.
You hit the goblin. Your bite misses the goblin.
The goblin is heavily wounded.
You die...

#.# ###.### #### #
#.....# #.. . #.....####
#.# .# ##...<....#
#[##.## #
##........######.....#.#
'...†...................
####...#########.#...#.#
# ##..# #@##.##.# ##.#
#g......# #.# #)#####.#
#.# #l...# # #.# #g##.#
#.# #.# .. #.# #.. #.#
#.# ... .. #.# .... #


You could see 2 goblins and a frilled lizard.

Vanquished Creatures
  An orc wizard (D:2)
  Robin (D:3)
  3 adders
  2 worms
  A dart slug (D:1)
  3 leopard geckos
  2 ball pythons (D:1)
  5 bats
  2 giant cockroaches
  11 goblins
  10 hobgoblins
  11 jackals
  4 frilled lizards
  2 kobolds (D:2)
  4 rats
62 creatures vanquished.

Notes
Turn   | Place    | Note
-------+----------+-------------------------------------------
     0 | D:1      | BuffBuff the Vine Stalker Fighter began the quest for the
                  | Orb.
     0 | D:1      | Reached XP level 1. HP: 11/11 MP: 2/2
    86 | D:1      | Reached XP level 2. HP: 16/16 MP: 3/3
   391 | D:1      | Reached XP level 3. HP: 19/19 MP: 4/4
   858 | D:2      | Found a sacrificial altar of Ru.
   878 | D:2      | Gained mutation: Your natural rate of healing is unusually
                  | fast. [Vine Stalker growth]
   878 | D:2      | Reached XP level 4. HP: 18/24 MP: 2/5
  1214 | D:2      | Found a hide-covered altar of Uskayaw.
  1228 | D:2      | Found a stormy altar of Qazlal.
  1234 | D:2      | Found a snail-covered altar of Cheibriados.
  1610 | D:3      | Reached XP level 5. HP: 23/28 MP: 4/6
  1683 | D:3      | Noticed Robin
  1702 | D:3      | Killed Robin
  1703 | D:3      | Succumbed to a goblin's poison

Levels and vault maps discovered:
D:1:      lemuel_arrival_broad_hall, layout_basic, minivault_19
D:2:      layout_basic, minmay_overflow_temple_star_quad, first_ration,
          nicolae_ru_great_annihilating_truth
D:3:      layout_loops_corners, serial_glass, glass_columns_a, glass_columns_b,
          glass_columns_a, glass_columns_a, kennysheep_generic_room_6,
          uniq_robin

Skill      XL: |  1  2  3  4 |
---------------+-------------+-----
Shields        | 3 |  3.3
Fighting       | 3 |  3.3
Unarmed Combat | 3 |  3.6
Armour         | 3 |  3.0

Action                   |  1- 3 |  4- 6 || total
-------------------------+-------+-------++-------
Melee: Unarmed           |    96 |   132 ||   228
       Bite              |    27 |    30 ||    57
  Use: Potion            |       |     1 ||     1
 Stab: Invisible         |     2 |       ||     2
  Eat: Chunk             |       |     3 ||     3
Armor: Scale mail        |    24 |    33 ||    57
Dodge: Dodged            |    28 |    28 ||    56
Block: Shield            |    39 |    54 ||    93
